 Dungeon Crawl Stone Soup version 0.31-a0-875-g02e7d12df6 (webtiles) character file.

Game seed: 14227316717455819691

45 Azuregosa the Covert (level 3, -25/26 HPs)
             Began as an Octopode Delver on Oct 12, 2023.
             Annihilated by an ogre
             ... wielding a +0 giant club
              (28 damage)
             ... on level 5 of the Dungeon.
             The game lasted 00:01:44 (207 turns).

Azuregosa the Covert (Octopode Delver)               Turns: 207, Time: 00:01:44

Health: -25/26     AC:  1    Str: 11    XL:     3   Next: 64%
Magic:  3/3        EV: 13    Int: 14    God:
Gold:   0          SH:  0    Dex: 13    Spells: 2/2 levels left

rFire   . . .        a - +0 hand axe
rCold   . . .        (no shield)
rNeg    . . .        (helmet restricted)
rPois   .            (no amulet)
rElec   .            (no ring)
rCorr   .            (no ring)
SInv    .            (no ring)
Will    .....        (no ring)
Stlth   +++++        (no ring)
HPRegen 0.24/turn    (no ring)
MPRegen 0.08/turn    (no ring)
                     (no ring)

%: no passive effects
@: no status effects
A: almost no armour, amphibious, 8 rings, camouflage 1, gelatinous body 1,
(nimble swimmer 1), tentacles
a: no special abilities


You were on level 5 of the Dungeon.
You visited 1 branch of the dungeon, and saw 2 of its levels.

Inventory:

Hand Weapons
 a - a +0 hand axe (weapon)
Armour
 g - a +0 buckler
Wands
 f - a wand of digging (3)
Scrolls
 b - a scroll of fog
 c - a scroll of revelation
 d - a scroll of fear
Potions
 e - a potion of haste


   Skills:
 - Level 3.0 Fighting
 - Level 2.0 Axes
 - Level 2.0 Dodging
 + Level 8.3 Stealth


You had 2 spell levels left.
You didn't know any spells.
Your spell library contained the following spells:

 Spells                   Type           Power      Damage    Failure   Level
 Wereblood                Tmut           0%         N/A       41%         2
 Irradiate                Conj/Tmut      0%         3d11      100%        5


Dungeon Overview and Level Annotations

Branches:
Dungeon (5/15)
 Temple: D:4-7

Altars:


Innate Abilities, Weirdness & Mutations

You cannot wear most types of armour.
You are amphibious.
You can wear up to eight rings at the same time.
Your skin changes colour to match your surroundings (Stealth+).
Your rubbery body absorbs attacks. (AC +1, EV +1)
((You are camouflaged when in or above water. (Stealth+)))
You have tentacles for arms and can constrict up to eight enemies at once.


Message History

Found a book of Changes.
Found a stone staircase leading down.
Found 6 boomerangs.
There is a stone staircase leading down here.
You pick up a book of Changes and begin reading...
You add the spells Wereblood and Irradiate to your library.
There are no items here.
Okay, then.
You see here 6 boomerangs.
Found a stone staircase leading up.
There is a stone staircase leading up here.
You climb upwards.
The goblin shouts!
The kobold shouts!
The kobold hits you with a +0 dagger.
Found a scroll of fog.
There is a stone staircase leading down here.
The kobold hits you with a +0 dagger.
You climb downwards.
There is a stone staircase leading up here.
You closely miss the kobold. You grab the kobold. You constrict the kobold.
The kobold misses you.
You hit the kobold but do no damage.
You squeeze the kobold, but do no damage.
The kobold is moderately wounded.
You constrict the kobold.
You kill the kobold!
You see here a +0 dagger.
An ogre comes into view. It is wielding a +0 giant club.
The helpless ogre fails to defend itself.
You slash the ogre! You squeeze the ogre.
The ogre is moderately wounded.
The ogre hits you with a +0 giant club!!
Ouch! That really hurt!
* * * LOW HITPOINT WARNING * * *
You hit the ogre.
The ogre is heavily wounded.
You hit the ogre.
The ogre is heavily wounded.
The ogre hits you with a +0 giant club!!
Ouch! That really hurt!
You die...

#########
##.......
##.....########.#
#...)...........#
#...<..####.######
#.#...## #........
#@##.## #..######
#O##..# #...
#.###.# #..# #.#
.# #..# #.# .#
#..# #.# .. #..#
#.. ... ###


You could see an ogre.

Vanquished Creatures
  An orc wizard (D:5)
  An adder (D:5)
  4 orcs (D:5)
  A ball python (D:4)
  A goblin (D:5)
  A kobold (D:5)
9 creatures vanquished.

Notes
Turn   | Place    | Note
-------+----------+-------------------------------------------
     0 | D:5      | Azuregosa the Octopode Delver began the quest for the Orb.
     0 | D:5      | Reached XP level 1. HP: 16/16 MP: 1/1
    28 | D:5      | Noticed an orc wizard
    34 | D:5      | Killed an orc wizard
    35 | D:5      | Reached skill level 7 in Stealth
    35 | D:5      | Reached XP level 2. HP: 19/21 MP: 2/2
    35 | D:5      | Reached XP level 3. HP: 24/26 MP: 3/3
    41 | D:5      | Reached skill level 8 in Stealth
   202 | D:5      | Noticed an ogre
   207 | D:5      | Annihilated by an ogre

Illustrated notes

Levels and vault maps discovered:
D:4:      layout_cave_pools
D:5:      layout_loops_ring, old_standard_altar,
          pdpol_wu_jian_five_deadly_venoms, uniq_pikel

Skill      XL: |  1  2  3 |
---------------+----------+-----
Stealth        | 7 8 |  8.3
Fighting       | |  3.0
Axes           | |  2.0
Dodging        | |  2.0

Action                     || total
---------------------------++-------
  Melee: Hand axe          ||    24
         Constrict         ||     6
         Tentacles         ||     2
   Stab: Sleeping          ||     2
 Armour: Skin              ||    10
  Dodge: Dodged            ||    11

Table legend: (Time is in decaauts)
 A = Elapsed time spent in this place.
 B = Non-inter-level travel time spent in this place.
 C = Inter-level travel time spent in this place.
 D = Time resting spent in this place.
 E = Time spent auto-exploring this place.
 F = Levels seen in this place.
 G = Mean time per level.
                   A        B        C        D        E       F      G
               +--------+--------+--------+--------+--------+-----+--------+
         Total |    212 |    212 |      0 |     65 |     42 |   2 |  106.0 |
       Dungeon |    212 |    212 |      0 |     65 |     42 |   2 |  106.0 |
               +--------+--------+--------+--------+--------+-----+--------+

Top non-repeatable levels by time:
     D:5: 202 daAuts
     D:4: 10 daAuts
